 Dungeon Crawl Stone Soup version 0.31.0-11-ge490571c62 (webtiles) character file.

Game seed: 15185142979936879693

1687 qw the Nimble (level 8, 0/40 HPs)
             Began as a Spriggan Hunter on Feb 4, 2024.
             Incinerated by a bombardier beetle (1 damage)
             ... with a burning spray
             ... on level 6 of the Dungeon.
             The game lasted 00:00:22 (4477 turns).

qw the Nimble (Spriggan Hunter)                     Turns: 4477, Time: 00:00:23

Health: 0/40       AC:  4    Str:  7    XL:     8   Next: 71%
Magic:  0/9        EV: 25    Int: 10    God:
Gold:   838        SH:  0    Dex: 21    Spells: 7/7 levels left

rFire   . . .        a - +0 shortbow (flame)
rCold   . . .        (shield currently unavailable)
rNeg    . . .        c - +0 robe
rPois   .            (helmet restricted)
rElec   .            l - +1 cloak
rCorr   .            (gloves unavailable)
SInv    +            (boots unavailable)
Will    +....        j - amulet of guardian spirit
Stlth   +            (no ring)
HPRegen 0.26/turn    (no ring)
MPRegen 0.11/turn

%: guardian spirit
@: on fire, glowing, very quick
A: very small, no large weapons, unfitting armour, see invisible, speed 3
a: no special abilities


You were on level 6 of the Dungeon.
You visited 2 branches of the dungeon, and saw 7 of its levels.

You collected 838 gold pieces.


Innate Abilities, Weirdness & Mutations

You are very small and have problems with some larger weapons.
You are too small for most types of armour.
You have supernaturally acute eyesight. (SInv)
You cover ground extremely quickly. (Speed+++)


   Skills:
 - Level 3.3 Fighting
 + Level 9.1 Ranged Weapons
 - Level 9.1 Dodging
 - Level 1.5 Stealth


You had 7 spell levels left.
You didn't know any spells.
Your spell library was empty.

Inventory:

Hand Weapons
 a - a +0 shortbow of flaming (weapon)
Armour
 c - a +0 robe (worn)
 l - a +1 cloak (worn)
Jewellery
 b - a ring of ice
 j - an amulet of guardian spirit (around neck)
Potions
 e - a potion of resistance
 f - a potion of cancellation {unknown}
 g - 2 potions of might {unknown}
 i - a potion of heal wounds {unknown}
 k - 2 potions of curing
 m - a potion of attraction {unknown}

Dungeon Overview and Level Annotations

Branches:
Dungeon (6/15)             Temple (1/1) D:4

Altars:
Ashenzari
Elyvilon
Fedhas
Gozag
Hepliaklqana
Kikubaaqudgha
Makhleb
Sif Muna
Uskayaw
Vehumet
Wu Jian
Yredelemnul
Zin
The Shining One


Message History

The burning spray hits you.
You are covered in liquid fire!
You shoot an arrow.
The arrow completely misses the bombardier beetle.
The liquid fire burns you!
You shoot an arrow.
The arrow hits the bombardier beetle but does no damage.
The liquid fire burns you!
You shoot an arrow.
The arrow hits the bombardier beetle but does no damage.
The liquid fire burns you!
You shoot an arrow. The arrow hits the bombardier beetle!
The arrow burns the bombardier beetle.
The bombardier beetle is heavily wounded.
The liquid fire burns you!
You shoot an arrow. The arrow hits the bombardier beetle!
The arrow burns the bombardier beetle.
You kill the bombardier beetle!
The liquid fire burns you!
You are on fire!
The liquid fire burns you!
You are on fire!
The liquid fire burns you!
You are on fire!
The liquid fire burns you!
You are on fire!
The liquid fire burns you!
You are on fire!
The liquid fire burns you!
You are on fire!
The liquid fire burns you!
You are on fire!
The liquid fire burns you!
You are on fire!
The liquid fire burns you!
You are on fire!
The liquid fire burns you!
You are on fire!
The liquid fire burns you!
You die...

.....# ### ####.# ###... #
........ . ### ##..... ### ###...
#. #.. ....... ).#####.# ##.....
...... #.......# ....##. ......
####...###### .......###.....
#..#....[.######.#.......#....#
###.#######.....@............###.
....# #######.##.##.......)#.
.########## .......#........
......(..... .#####.#......#.
######........ .. #.......... [##
#......... .. #..........
..###......... ................
.............. .......#........
......(....... .#####....[...


There were no monsters in sight!

Vanquished Creatures
  3 black bears
  An ice beast (D:6)
  2 ogres
  2 phantoms
  A kobold brigand (D:6)
  2 scorpions
  3 bombardier beetles
  A hound (D:4)
  2 jellies (D:4)
  3 iron imps (D:5)
  4 iguanas
  5 orc wizards
  8 gnolls
  6 adders
  A white imp (D:6)
  4 ufetubi (D:5)
  10 dart slugs
  A ribbon worm (D:4)
  14 orcs
  7 endoplasms
  7 giant cockroaches
  8 goblins
  10 hobgoblins
  10 jackals
  5 quokkas
  6 ball pythons
  7 bats
  6 frilled lizards
  16 kobolds
  8 rats
163 creatures vanquished.

Notes
Turn   | Place    | Note
-------+----------+-------------------------------------------
     0 | D:1      | qw the Spriggan Hunter began the quest for the Orb.
     0 | D:1      | Reached XP level 1. HP: 10/10 MP: 2/2
     0 | D:1      | 0 ||| qw: Version: 0.3-a-160-g6735b56
     0 | D:1      | 0 ||| qw: Game counter: 4556
     0 | D:1      | 0 ||| qw: Melee chars always use a shield: true
     0 | D:1      | 0 ||| qw: God list: Okawaru
     0 | D:1      | 0 ||| qw: Allow faded altars: false
     0 | D:1      | 0 ||| qw: Do Orc after clearing Dungeon:15 true
     0 | D:1      | 0 ||| qw: Do second Lair branch before Depths: true
     0 | D:1      | 0 ||| qw: Lair rune preference: random
     0 | D:1      | 0 ||| qw: Goals: Normal
     0 | D:1      | 0 ||| PLANNING D:1-11
    39 | D:1      | Reached skill level 3 in Dodging
    60 | D:1      | Reached XP level 2. HP: 9/14 MP: 3/3
   301 | D:1      | Reached XP level 3. HP: 18/18 MP: 4/4
   985 | D:1      | 985 ||| UPGRADING to +1 cloak.
   990 | D:1      | 990 ||| READING scroll labelled UTWOKLO AGEPN.
   991 | D:1      | 991 ||| READING scroll labelled HECOTO MIEP.
   991 | D:1      | 991 ||| BRANDING +0 shortbow.
   992 | D:1      | 992 ||| READING scroll labelled NOCZOESUZI.
   992 | D:1      | 992 ||| IDENTIFYING coppery potion
   993 | D:1      | 993 ||| READING scroll labelled ROQOOR JOEKINGAIZ.
   994 | D:1      | 994 ||| READING scroll labelled FUQARAETTU.
   995 | D:1      | 995 ||| DROPPING scroll of butterflies.
  1141 | D:2      | HP: 4/18 [poisoned by an adder]
  1329 | D:2      | Reached XP level 4. HP: 22/22 MP: 5/5
  1371 | D:2      | Found a blossoming altar of Fedhas.
  1682 | D:2      | 1682 ||| READING scroll labelled KAURCH TEEJUOL.
  1683 | D:2      | 1683 ||| DRINKING 2 glowing inky potions.
  1684 | D:2      | 1684 ||| FLEEEEING.
  1685 | D:2      | 1685 ||| FLEEEEING.
  1686 | D:2      | 1686 ||| FLEEEEING.
  1687 | D:2      | 1687 ||| FLEEEEING.
  1688 | D:2      | 1688 ||| FLEEEEING.
  1689 | D:2      | 1689 ||| FLEEEEING.
  1690 | D:2      | 1690 ||| FLEEEEING.
  1691 | D:2      | 1691 ||| FLEEEEING.
  1692 | D:2      | 1692 ||| FLEEEEING.
  1693 | D:2      | 1693 ||| FLEEEEING.
  1694 | D:2      | 1694 ||| FLEEEEING.
  1695 | D:2      | 1695 ||| FLEEEEING.
  1696 | D:2      | 1696 ||| FLEEEEING.
  1697 | D:2      | 1697 ||| FLEEEEING.
  1698 | D:2      | 1698 ||| FLEEEEING.
  1699 | D:2      | 1699 ||| FLEEEEING.
  1700 | D:2      | 1700 ||| FLEEEEING.
  1701 | D:2      | 1701 ||| FLEEEEING.
  1702 | D:2      | 1702 ||| FLEEEEING.
  1703 | D:2      | 1703 ||| FLEEEEING.
  1704 | D:2      | 1704 ||| FLEEEEING.
  1705 | D:2      | 1705 ||| STAIRDANCE
  1807 | D:1      | 1807 ||| DROPPING potion of berserk rage.
  1892 | D:3      | Found a faded altar of an unknown god.
  2421 | D:3      | 2421 ||| UPGRADING to amulet of guardian spirit.
  2426 | D:3      | 2426 ||| READING scroll labelled YPECHE OMYHOU.
  2427 | D:3      | 2427 ||| READING scroll labelled ATIK ITHEPORO.
  2568 | D:4      | Noticed a black bear
  2575 | D:4      | Killed a black bear
  2576 | D:4      | Reached XP level 5. HP: 23/26 MP: 6/6
  2598 | D:4      | Found a staircase to the Ecumenical Temple.
  2599 | D:4      | 2599 ||| PLANNING TEMPLE
  2610 | Temple   | Entered the Ecumenical Temple
  2611 | Temple   | 2611 ||| PLANNING D:1-11
  2663 | D:4      | Noticed a phantom
  2670 | D:4      | Reached skill level 6 in Ranged Weapons
  2676 | D:4      | Killed a phantom
  2677 | D:4      | Reached XP level 6. HP: 18/30 MP: 3/7
  2735 | D:4      | 2735 ||| READING scroll of brand weapon.
  2735 | D:4      | 2735 ||| BRANDING +0 shortbow of freezing.
  2873 | D:4      | Reached skill level 6 in Dodging
  3171 | D:4      | Reached XP level 7. HP: 35/35 MP: 8/8
  3456 | D:4      | 3456 ||| READING 2 scrolls of identify.
  3456 | D:4      | 3456 ||| IDENTIFYING sapphire potion
  3457 | D:4      | 3457 ||| READING scroll of identify.
  3457 | D:4      | 3457 ||| IDENTIFYING grey potion
  3458 | D:4      | 3458 ||| DRINKING 3 fuming ruby potions.
  3459 | D:4      | 3459 ||| DRINKING 2 fizzy grey potions.
  3460 | D:4      | 3460 ||| DRINKING 2 potions of curing.
  3460 | D:4      | 3460 ||| (to cure confusion)
  3461 | D:4      | 3461 ||| DROPPING potion of lignification.
  3462 | D:4      | 3462 ||| DROPPING potion of ambrosia.
  3487 | D:5      | Entered Level 5 of the Dungeon
  3820 | D:5      | Found a burning altar of Makhleb.
  3852 | D:5      | Reached XP level 8. HP: 39/39 MP: 9/9
  4019 | D:5      | Reached skill level 3 in Fighting
  4094 | D:6      | 4094 ||| STAIRDANCE
  4097 | D:5      | 4097 ||| DRINKING potion of haste.
  4167 | D:6      | 4167 ||| STAIRDANCE
  4323 | D:6      | Reached skill level 9 in Ranged Weapons
  4332 | D:6      | 4332 ||| FLEEEEING.
  4333 | D:6      | 4333 ||| FLEEEEING.
  4334 | D:6      | 4334 ||| FLEEEEING.
  4335 | D:6      | 4335 ||| FLEEEEING.
  4336 | D:6      | 4336 ||| FLEEEEING.
  4337 | D:6      | 4337 ||| FLEEEEING.
  4338 | D:6      | 4338 ||| FLEEEEING.
  4339 | D:6      | 4339 ||| FLEEEEING.
  4344 | D:6      | 4344 ||| FLEEEEING.
  4345 | D:6      | 4345 ||| FLEEEEING.
  4346 | D:6      | 4346 ||| FLEEEEING.
  4347 | D:6      | 4347 ||| FLEEEEING.
  4348 | D:6      | 4348 ||| FLEEEEING.
  4392 | D:6      | Reached skill level 9 in Dodging
  4472 | D:6      | HP: 8/40 [burnt (4)]
  4475 | D:6      | HP: 2/40 [burnt (4)]
  4477 | D:6      | Incinerated by a bombardier beetle

Levels and vault maps discovered:
D:1:      dpeg_arrival_simpleton_b, layout_loops_corners, chequers_arboretum,
          minmay_vboxes
D:2:      layout_basic, basic_altar, kennysheep_crisscross
D:3:      layout_loops_ring, basic_ecumenical_altar
D:4:      minmay_polygon_palace, layout_basic, minmay_temple_entry_glassed_door,
          serial_library_hellmonk_filled_rooms,
          amcnicky_mini_rare_corridor_liquid
D:5:      layout_rooms, demons_altar
D:6:      layout_rooms, mainiacjoe_overflow_chevrons
Temple:   chequers_temple_sunken

Skill      XL: |  1  2  3  4  5  6  7  8 |
---------------+-------------------------+-----
Dodging        | 3 4 5 6 8 9 |  9.1
Ranged Weapons | 5 6 8 9 |  9.1
Fighting       | 2 3 |  3.3
Stealth        | |  1.5

Action                     |  1- 3 |  4- 6 |  7- 9 || total
---------------------------+-------+-------+-------++-------
   Fire: Shortbow          |   110 |   149 |   261 ||   520
    Use: Scroll            |     5 |     4 |     2 ||    11
         Potion            |       |     1 |     4 ||     5
 Armour: Robe              |    13 |     9 |    25 ||    47
  Dodge: Dodged            |    36 |    51 |    90 ||   177

Table legend:
 A = Non-vault XP
 B = Vault XP
 C = Vault XP percentage of total XP
 D = Non-vault monster count
 E = Vault monster count
 F = Vault count percentage of total count
                 A         B        C        D         E       F
            +---------+---------+-------+---------+---------+-------
      Total |    1977 |     433 |  18.0 |     132 |      31 |  19.0
            +---------+---------+-------+---------+---------+-------
        D:1 |      46 |      16 |  25.8 |      26 |       9 |  25.7
        D:2 |      68 |       0 |   0.0 |      19 |       0 |   0.0
        D:3 |      36 |       0 |   0.0 |      19 |       0 |   0.0
        D:4 |     543 |     299 |  35.5 |      26 |      19 |  42.2
        D:5 |     679 |     118 |  14.8 |      29 |       3 |   9.4
        D:6 |     605 |       0 |   0.0 |      13 |       0 |   0.0
            +---------+---------+-------+---------+---------+-------
